 Dungeon Sprint DCSS version 0.31-a0-1074-g0b22e4e0f1 (webtiles) character file.

Game seed: 16167548327442221968

3413 rocky1 the Unseen (level 10, -1/79 HPs)
             Began as a Merfolk Brigand on Dec 1, 2023.
             Was an Initiate of Gozag.
             Slain by Agnes
             ... wielding a +2 lajatang of pain
              (11 damage)
             ... in the Dungeon (Sprint IV: "Fedhas' Mad Dash").
             The game lasted 00:10:15 (3189 turns).

rocky1 the Unseen (Merfolk Brigand)                 Turns: 3189, Time: 00:10:15

Health: -1/79      AC:  3    Str: 13    XL:     10   Next: 5%
Magic:  10/10      EV: 15    Int: 10    God:    Gozag
Gold:   221        SH:  5    Dex: 19    Spells: 9/9 levels left

rFire   . . .        r - +6 quick blade "Goblinbane" {drain, rC+ rN+ SInv}
rCold   + . .        o - +0 buckler
rNeg    + . .        b - +0 robe
rPois   .            (no helmet)
rElec   .            c - +0 cloak
rCorr   .            (no gloves)
SInv    +            (no boots)
Will    .....        m - amulet of invisibility {+Inv}
Stlth   +++++++      (no ring)
HPRegen 0.33/turn    (no ring)
MPRegen 0.12/turn

%: no teleportation
@: very slightly contaminated, invisible
A: (nimble swimmer 2), mertail
a: Renounce Religion, Evoke Invisibility, Potion Petition, Call Merchant, Bribe
Branch


You were in the Dungeon.
You worshipped Gozag.
Gozag was aware of your devotion.
You visited 1 branch You collected 1930 gold pieces.
You spent 1709 gold pieces at shops.

Inventory:

Hand Weapons
 a - a +2 dagger
 r - the +6 quick blade "Goblinbane" (weapon) {drain, rC+ rN+ SInv}
   (You acquired it in the Dungeon)

   rC+:       It protects you from cold.
   rN+:       It protects you from negative energy.
   SInv:      It lets you see invisible.
Missiles
 d - 9 poisoned darts
 e - 5 curare-tipped darts (quivered)
Armour
 b - a +0 robe (worn)
 c - a +0 cloak (worn)
 o - a +0 buckler (worn)
Jewellery
 m - the amulet of invisibility (around neck) {+Inv}
   (You found it in the Dungeon)

   [amulet of nothing]

   +Inv:      It lets you turn invisible.
Wands
 y - a wand of iceblast (8)
 z - a wand of light (8)
Scrolls
 k - a scroll of blinking
 l - a scroll of identify
 s - a scroll of brand weapon
 t - a scroll of fear
 u - 2 scrolls of immolation
 v - a scroll of vulnerability
Potions
 f - 7 potions of curing
 g - 2 potions of heal wounds
 h - a potion of haste
 i - 2 potions of magic
 j - a potion of berserk rage
 n - 2 potions of brilliance
 p - 2 potions of might
 q - a potion of mutation
 w - a potion of ambrosia
 x - a potion of degeneration


   Skills:
 - Level 7.6 Fighting
 + Level 11.4 Short Blades
 - Level 2.0 Throwing
 - Level 6.4 Dodging
 + Level 19.5 Stealth
 + Level 3.8 Shields
 - Level 8.9 Evocations


You had 9 spell levels left.
You didn't know any spells.
Your spell library contained the following spells:

 Spells                   Type           Power      Damage    Failure   Level
 Summon Small Mammal      Summ           0%         N/A       45%         1
 Ensorcelled Hibernation  Hex/Ice        0%         N/A       58%         2
 Passwall                 Tmut/Erth      0%         N/A       58%         2
 Swiftness                Air            0%         N/A       83%         3
 Manifold Assault         Tloc           0%         N/A       99%         4
 Dispersal                Tloc           0%         N/A       100%        6
 Summon Cactus Giant      Summ           0%         N/A       100%        6
 Haunt                    Necr/Summ      0%         N/A       100%        7
 Disjunction              Tloc           0%         N/A       100%        8


Dungeon Overview and Level Annotations

Branches:
Dungeon (1/1)

Altars:
Cheibriados
Dithmenos
Elyvilon
Gozag
Hepliaklqana
Kikubaaqudgha
Makhleb
Nemelex Xobeh
Okawaru
Qazlal
Ru
Sif Muna
Trog
Uskayaw
Vehumet
Wu Jian
Xom
Yredelemnul
Zin
The Shining One
Jiyva
Lugonu

Shops:
D ?!*(*

Annotations:
D Agnes


Innate Abilities, Weirdness & Mutations

((You are very nimble when in or above water. (Stealth+, EV+, Speed+++)))
Your lower body shifts to a powerful aquatic tail in water.


Message History

Unknown command.
You bump into the stone wall.
You feel less confused.
You start resting.
You flicker for a moment.
You start resting.
You flicker back into view.
You start resting.
Your magical contamination has completely faded away.
You start resting.
HP restored.
You start waiting.
Done waiting.
z - a wand of light (8)
You fade into invisibility!
You are very lightly contaminated with residual magic.
You open the door.
Agnes the Wanderer comes into view.
She is wielding a +2 lajatang of pain.
Agnes shouts!
There is an open door here.
A spriggan berserker comes into view. It is wielding a +1 antimagic rapier.
Found Fokiotza's General Store.
You block Agnes's attack.
Agnes hits you with a +2 lajatang of pain!
You writhe in agony.
You miss Agnes. You closely miss Agnes. Agnes closely misses you.
Agnes attacks as she pursues you!
Agnes hits you with a +2 lajatang of pain!
You writhe in agony.
You block Agnes's attack.
There is an open door, spattered with blood here.
Agnes attacks as she pursues you!
Agnes hits you with a +2 lajatang of pain!! x2
* * * LOW HITPOINT WARNING * * *
You writhe in agony.
* * * LOW HITPOINT WARNING * * *
You closely miss Agnes. You hit Agnes. You drain Agnes.
Agnes is lightly wounded.
Agnes hits you with a +2 lajatang of pain!
You die...
Agnes says, "May you follow the Path of Peace in your next life."
Your body crumbles into a pile of gold.

##############################
#.⌠._._._._.⌠.#..'.))#....##∩#
'.._._._._._..'..#...#....'))#
#..._._._._...#..###'##.((##∩#
#.._._._._._..#..##∩∩.'...####
#._._._._._.⌠.#############
##################
#♣♣♣♣♣..♣.###.'..+
......♣..♣##..#.@#
♣..♣♣♣.♣).###.##i#
.♣♣..♣...♣'...#♣.♣ #
#############.....#
..♣..♣....# .i.♣.... .♣..
..... ♣.... ∩. #### ###### ##


You could see Agnes (drained).

Vanquished Creatures
  A spriggan druid (D)
  3 oklob plants (D)
  3 burning bushes (D)
  3 wandering mushrooms (D)
  A queen bee (D)
  3 scorpions (D)
  4 killer bees (D)
  5 oklob saplings (D)
  2 spriggans (D)
  A river rat (D)
  A rat (D)
  A ballistomycete spore (D)
28 creatures vanquished.

Notes
Turn   | Place    | Note
-------+----------+-------------------------------------------
     0 | D        | rocky1 the Merfolk Brigand began the quest for the Orb.
     0 | D        | Reached XP level 1. HP: 16/16 MP: 1/1
     8 | D        | Reached skill level 6 in Stealth
     8 | D        | Reached XP level 2. HP: 23/23 MP: 2/2
    24 | D        | Noticed an oklob sapling
    26 | D        | Killed an oklob sapling
    27 | D        | Reached skill level 8 in Stealth
    27 | D        | Reached XP level 3. HP: 28/28 MP: 3/3
    29 | D        | Noticed a scorpion
    29 | D        | Found the amulet of invisibility {+Inv}
    31 | D        | Killed a scorpion
    32 | D        | Reached skill level 10 in Stealth
    32 | D        | Reached XP level 4. HP: 35/35 MP: 4/4
    58 | D        | Found an opulent altar of Gozag.
    58 | D        | Found a hazy altar of Hepliaklqana.
    58 | D        | Found a burning altar of Makhleb.
    58 | D        | Found a sparkling altar of Nemelex Xobeh.
    58 | D        | Found a snail-covered altar of Cheibriados.
    58 | D        | Found a sacrificial altar of Ru.
    58 | D        | Found a shimmering blue altar of Sif Muna.
    58 | D        | Found a shimmering altar of Xom.
    58 | D        | Found a basalt altar of Yredelemnul.
    59 | D        | Found a viscous altar of Jiyva.
    59 | D        | Found a bloodstained altar of Trog.
    59 | D        | Found an ornate altar of the Wu Jian Council.
    59 | D        | Noticed an oklob sapling priest
    60 | D        | Found an iron altar of Okawaru.
    60 | D        | Found a shadowy altar of Dithmenos.
    60 | D        | Found a glowing silver altar of Zin.
    61 | D        | Found an ancient bone altar of Kikubaaqudgha.
    61 | D        | Found a hide-covered altar of Uskayaw.
    62 | D        | Found a stormy altar of Qazlal.
    62 | D        | Found a white marble altar of Elyvilon.
    62 | D        | Found a glowing golden altar of the Shining One.
    64 | D        | Found a radiant altar of Vehumet.
    64 | D        | Found a corrupted altar of Lugonu.
    70 | D        | Killed an oklob sapling priest
    71 | D        | Reached skill level 11 in Stealth
    71 | D        | Reached XP level 5. HP: 42/42 MP: 5/5
    75 | D        | Became a worshipper of Gozag Ym Sagoz the Greedy
    90 | D        | Reached skill level 12 in Stealth
    90 | D        | Reached skill level 1 in Evocations
   107 | D        | Reached skill level 5 in Short Blades
   107 | D        | Reached skill level 13 in Stealth
   107 | D        | Reached XP level 6. HP: 49/49 MP: 6/6
   740 | D        | Found Qeph's Distillery.
   740 | D        | Found Muudixzich's Magic Scroll Emporium.
   749 | D        | Noticed a burning bush
   749 | D        | Noticed a wandering mushroom
  1744 | D        | Noticed a queen bee
  1747 | D        | Noticed a burning bush
  1752 | D        | Killed a burning bush
  1753 | D        | Reached skill level 5 in Fighting
  1753 | D        | Reached skill level 14 in Stealth
  1753 | D        | Reached XP level 7. HP: 56/56 MP: 7/7
  1866 | D        | Noticed a burning bush
  1866 | D        | Noticed an oklob plant
  1870 | D        | Noticed a wandering mushroom
  1871 | D        | Killed a burning bush
  1872 | D        | Reached skill level 15 in Stealth
  1872 | D        | Reached skill level 5 in Evocations
  1876 | D        | Killed an oklob plant
  1877 | D        | Reached skill level 5 in Dodging
  1877 | D        | Reached skill level 16 in Stealth
  1877 | D        | Reached XP level 8. HP: 65/65 MP: 8/8
  1880 | D        | Killed a wandering mushroom
  1881 | D        | Reached skill level 17 in Stealth
  1884 | D        | Got the Tome of the Swarm and the Door
  1913 | D        | Killed a queen bee
  1915 | D        | Reached XP level 9. HP: 72/72 MP: 9/9
  1931 | D        | Noticed an oklob plant
  1934 | D        | Killed an oklob plant
  1935 | D        | Reached skill level 10 in Short Blades
  1935 | D        | Reached skill level 18 in Stealth
  1989 | D        | Noticed a wandering mushroom
  2120 | D        | Bought a potion of might for 56 gold pieces
  2120 | D        | Bought a potion of mutation for 112 gold pieces
  2120 | D        | Bought a potion of might for 56 gold pieces
  2121 | D        | Bought a scroll of acquirement for 676 gold pieces
  2121 | D        | Bought a scroll of brand weapon for 123 gold pieces
  2121 | D        | Acquired the +6 quick blade "Goblinbane" {drain, rC+ rN+
                  | SInv}
  2141 | D        | Killed a burning bush
  2142 | D        | Reached skill level 19 in Stealth
  2674 | D        | Found Suidy's Assorted Antiques.
  2674 | D        | Found Uhal's Antique Weapon Shoppe.
  2681 | D        | Bought a potion of curing for 66 gold pieces
  2681 | D        | Bought a scroll labelled ZICVEVAAWO for 22 gold pieces
  2681 | D        | Bought 2 scrolls labelled ZOUMEI TOOFRIXY for 44 gold
                  | pieces
  2681 | D        | Bought a scroll labelled KACEOG JYPAHOM for 22 gold pieces
  2681 | D        | Bought a scroll labelled UWOKLEOKHI for 22 gold pieces
  2681 | D        | Bought a potion of heal wounds for 110 gold pieces
  2681 | D        | Bought a potion of curing for 66 gold pieces
  2696 | D        | Bought a potion of ambrosia for 112 gold pieces
  2696 | D        | Bought a potion of curing for 42 gold pieces
  2696 | D        | Bought a potion of brilliance for 56 gold pieces
  2696 | D        | Bought a potion of degeneration for 14 gold pieces
  2696 | D        | Bought a potion of curing for 42 gold pieces
  2696 | D        | Bought a potion of curing for 42 gold pieces
  2697 | D        | Bought a scroll of identify for 26 gold pieces
  2778 | D        | Noticed a spriggan druid
  2779 | D        | Killed a spriggan druid
  3021 | D        | Noticed an oklob plant conjurer
  3023 | D        | Killed an oklob plant conjurer
  3024 | D        | Reached XP level 10. HP: 79/79 MP: 10/10
  3183 | D        | Noticed Agnes
  3185 | D        | Found Fokiotza's General Store.
  3185 | D        | Noticed a spriggan berserker
  3189 | D        | Slain by Agnes

Illustrated notes

Levels and vault maps discovered:
D:        dungeon_sprint_fedhas [sprint_temple]

Skill      XL: |  1  2  3  4  5  6  7  8  9 |
---------------+----------------------------+-----
Stealth        | 6 8 10 11 13 14 16 17 19 | 19.5
Short Blades   | 3 4 5 6 8 9 11 | 11.4
Fighting       | 3 4 5 6 7 |  7.6
Dodging        | 2 3 4 5 6 |  6.4
Evocations     | 2 4 6 7 8 |  8.9
Shields        | 3 |  3.8
Throwing       | |  2.0

Action                     |  1- 3 |  4- 6 |  7- 9 | 10-12 || total
---------------------------+-------+-------+-------+-------++-------
  Melee: Dagger            |     4 |    30 |    16 |       ||    50
         Quick blade       |       |       |    20 |     5 ||    25
  Throw: Dart              |     2 |       |       |       ||     2
Ability: Evoke Invisibilit |       |     4 |     6 |     1 ||    11
    Use: Scroll            |       |       |     4 |       ||     4
   Stab: Sleeping          |     2 |     5 |    12 |     1 ||    20
         Invisible         |       |     1 |     4 |       ||     5
 Armour: Robe              |       |    13 |     3 |     6 ||    22
  Dodge: Dodged            |     1 |     9 |     6 |     1 ||    17
  Block: Buckler           |       |       |       |     2 ||     2

Table legend: (Time is in decaauts)
 A = Elapsed time spent in this place.
 B = Non-inter-level travel time spent in this place.
 C = Inter-level travel time spent in this place.
 D = Time resting spent in this place.
 E = Time spent auto-exploring this place.
 F = Levels seen in this place.
 G = Mean time per level.
                   A        B        C        D        E       F      G
               +--------+--------+--------+--------+--------+-----+--------+
         Total |   3169 |   3146 |     23 |   2594 |      0 |   1 | 3169.0 |
       Dungeon |   3169 |   3146 |     23 |   2594 |      0 |   1 | 3169.0 |
               +--------+--------+--------+--------+--------+-----+--------+

Top non-repeatable levels by time:
       D: 3169 daAuts
